 Dungeon Crawl Stone Soup version 0.27.1 (webtiles) character file.

Game seed: 986110318253598709

4762 nxtlvl the Destroyer (level 10, -3/54 HPs)
             Began as a Deep Elf Monk on Sept 4, 2021.
             Was a Believer of Vehumet.
             Slain by a meliai (10 damage)
             ... on level 10 of the Dungeon.
             The game lasted 00:54:54 (4302 turns).

nxtlvl the Destroyer (Deep Elf Monk)                Turns: 4302, Time: 00:54:55

Health: -3/54      AC:  6    Str:  8    XL:     10   Next: 23%
Magic:  22/23      EV: 18    Int: 23    God:    Vehumet [**....]
Gold:   239        SH: 11    Dex: 17    Spells: 14/24 levels left

rFire    + . .     SeeInvis .   a - +1 dagger (venom)
rCold    + + .     Faith    .   f - +1 buckler {rC+}
rNeg     . . .     Spirit   .   c - +0 steam dragon scales
rPois    .         Reflect  +   (no helmet)
rElec    .         Harm     .   e - scarf {rC+ rF+}
rCorr    .         Rampage  .   d - +0 pair of gloves
Will     +....                  (no boots)
Stlth    ++........             h - amulet of reflection
HPRegen  0.18/turn              s - ring of flight
MPRegen  0.18/turn              A - ring of Peic {EV+4 Int+4}

@: flying
A: no striking features
a: Renounce Religion


You were on level 10 of the Dungeon.
You worshipped Vehumet.
Vehumet was pleased with you.
You visited 2 branches of the dungeon, and saw 11 of its levels.

You collected 463 gold pieces.
You spent 224 gold pieces at shops.

Inventory:

Hand Weapons
 a - a +1 dagger of venom (weapon)
 w - a +4 dagger of freezing
Armour
 c - +0 steam dragon scales (worn)
 d - a +0 pair of gloves (worn)
 e - a scarf of resistance (worn)
 f - a +1 buckler of cold resistance (worn)
Magical Staves
 b - a staff of fire
 m - a staff of death
Jewellery
 h - an amulet of reflection (around neck)
 s - a ring of flight (left hand)
 A - the ring of Peic (right hand) {EV+4 Int+4}
   (You found it on level 10 of the Dungeon)

   [ring of evasion]

   EV:        It affects your evasion (+4).
   Int:       It affects your intelligence (+4).
Wands
 i - a wand of digging (6)
 B - a wand of flame (15)
Scrolls
 g - a scroll of blinking {unknown}
 j - 2 scrolls of immolation {unknown}
 n - a scroll of torment
 o - 2 scrolls of enchant weapon {unknown}
 p - a scroll of magic mapping {unknown}
 q - 2 scrolls of silence {unknown}
 r - a scroll of enchant armour {unknown}
 u - 4 scrolls of noise {unknown}
 v - a scroll of fog {unknown}
 x - a scroll of teleportation
 y - 2 scrolls of amnesia {unknown}
Potions
 k - a potion of might
 l - 3 potions of brilliance
 t - 4 potions of curing
 z - 2 potions of magic {unknown}


   Skills:
 - Level 2.4 Fighting
 - Level 8.0 Short Blades
 - Level 5.0 Dodging
 - Level 2.4 Stealth
 - Level 4.0 Shields
 + Level 7.5 Spellcasting
 - Level 9.0 Conjurations
 - Level 6.0 Fire Magic
 * Level 2.4 Earth Magic


You had 14 spell levels left.
You knew the following spells:

 Your Spells              Type           Power      Damage    Failure   Level
c - Stone Arrow           Conj/Erth      68%        3d11      1%          3
m - Freeze                Ice            32%        1d5       8%          1
x - Searing Ray           Conj           100%       3d7       1%          2
z - Foxfire               Conj/Fire      100%       2x1d9     1%          1
Z - Conjure Flame         Conj/Fire      43%        6-21      1%          3

Your spell library contained the following spells:

 Spells                   Type           Power      Damage    Failure   Level
 Inner Flame              Hex/Fire       22%        N/A       6%          3
 Portal Projectile        Hex/Tloc       16%        N/A       22%         3
 Blade Hands              Tmut           4%         N/A       90%         5
 Excruciating Wounds      Necr           4%         N/A       90%         5


Dungeon Overview and Level Annotations

Branches:
Dungeon (10/15)            Temple (1/1) D:7
   Lair: D:8-11         Orc: D:9-12

Altars:
Ashenzari
Cheibriados
Dithmenos
Elyvilon
Fedhas
Gozag
Hepliaklqana
Kikubaaqudgha
Makhleb
Nemelex Xobeh
Okawaru
Qazlal
Ru
Sif Muna
Trog
Uskayaw
Vehumet
Wu Jian
Xom
Yredelemnul
Zin
The Shining One

Shops:
D:10 [

Portals:
Bailey: D:10


Message History

The cyclops is almost dead.
You kill the cyclops!
Vehumet accepts your kill.
Training target 9.0 for Conjurations reached!
Your Conjurations skill increases to level 9!
Your Earth Magic skill increases to level 2!
You see here 3 large rocks.
There is a stone staircase leading up here.
The meliai buzzes angrily.
Casting: Searing Ray (safe; 1% risk of failure)
Confirm with . or Enter, or press ? or * to list all spells.
Aiming: Searing Ray (safe; 1% risk of failure)
Press: ? - help, Shift-Dir - straight line, f - meliai
Aim: a meliai, wielding a +0 hand axe and wearing a +0 robe (74% to hit)
The searing ray hits the meliai!
The meliai is heavily wounded. (Press . to maintain the ray.)
The meliai closely misses you. You block the meliai's attack.
Press: ? - help, v - describe, . - travel
Here: a meliai, wielding a +0 hand axe and wearing a +0 robe (moderately wounded)
The floor.
Unknown command.
You barely miss the meliai.
The meliai is moderately wounded.
You block the meliai's attack. The meliai stings you.
You barely miss the meliai.
The meliai is moderately wounded.
The meliai hits you with a +0 hand axe. The meliai misses you.
You hit the meliai.
The meliai is poisoned.
The meliai is heavily wounded.
You block the meliai's attack. The meliai closely misses you.
The meliai completely misses you. The meliai barely misses you.
The meliai hits you with a +0 hand axe. You block the meliai's attack.
The meliai calls down the wrath of its god upon you.
Something smites you!
* * * LOW HITPOINT WARNING * * *
You feel better. You block the meliai's attack. The meliai stings you!
* * * LOW HITPOINT WARNING * * *
The meliai hits you with a +0 hand axe!
You die...

≈.gg≈.........<######.#.#..
≈.gg≈..###.................
≈...≈.. ###..####.##...#..
≈≈≈≈≈.. #.......##......
......# ###..####.##......
###### #.................
#.#.......##..##..
#y............##.#
#@#.####..###.##.# #.#.#
#.........# #.#.#
##.........#
#########.#.###...........
#................####.####
#########.........# #.#
########### #.# #<####
#..(..


You could see a meliai (very poisoned).

Vanquished Creatures
  A two-headed ogre (D:8)
  A tengu warrior (D:10)
  Pikel (D:6)
  A cyclops (D:10)
  A komodo dragon (D:10)
  A hornet (D:8)
  Prince Ribbit (D:7)
  2 steam dragons
  Duvessa (D:5)
  A black bear (D:4)
  A hornet zombie (D:8)
  2 ogres
  A centaur (D:6)
  Blork the orc (D:6)
  A bullfrog (D:5)
  Dowan (D:5)
  A scorpion (D:6)
  A water moccasin skeleton (D:4)
  6 wights
  A bullfrog zombie (D:5)
  A centaur zombie (D:4)
  2 orc priests (D:10)
  A hound (D:6)
  13 iguanas
  A scorpion zombie (D:5)
  3 orc wizards
  A hound skeleton (D:5)
  6 adders
  3 white imps
  An adder skeleton (D:4)
  A dart slug (D:4)
  24 orcs
  4 endoplasms
  4 giant cockroaches
  3 goblins
  3 hobgoblins (D:4)
  4 jackals
  3 kobolds
  2 ball pythons
  A frilled lizard (D:1)
108 creatures vanquished.

Vanquished Creatures (others)
  186 foxfires
  5 plants (D:7)
191 creatures vanquished.

Grand Total: 299 creatures vanquished

Notes
Turn   | Place    | Note
-------+----------+-------------------------------------------
     0 | D:1      | nxtlvl the Deep Elf Monk began the quest for the Orb.
     0 | D:1      | Reached XP level 1. HP: 13/13 MP: 3/3
    64 | D:2      | Reached XP level 2. HP: 10/18 MP: 4/4
   367 | D:4      | Reached XP level 3. HP: 7/22 MP: 5/5
   606 | D:5      | Entered Level 5 of the Dungeon
   607 | D:5      | Noticed an ogre
   640 | D:4      | Noticed a scorpion
   872 | D:5      | Reached skill level 5 in Short Blades
   872 | D:5      | Reached XP level 4. HP: 25/27 MP: 6/6
   965 | D:6      | Noticed a scorpion
  1134 | D:4      | Reached XP level 5. HP: 6/31 MP: 7/7
  1327 | D:5      | HP: 1/31 [scorpion zombie (7)]
  1448 | D:5      | Noticed a sky beast
  1526 | D:4      | Noticed a black bear
  1546 | D:4      | Killed a black bear
  1547 | D:4      | Reached XP level 6. HP: 16/36 MP: 8/8
  1673 | D:5      | Learned a level 1 spell: Foxfire
  1848 | D:5      | Reached skill level 1 in Conjurations
  1848 | D:5      | Reached skill level 1 in Fire Magic
  1918 | D:5      | Reached skill level 1 in Spellcasting
  1935 | D:5      | Reached XP level 7. HP: 13/40 MP: 10/10
  2048 | D:5      | Noticed Dowan
  2049 | D:5      | Noticed Duvessa
  2054 | D:5      | Killed Duvessa
  2055 | D:5      | Reached skill level 2 in Conjurations
  2066 | D:5      | Killed Dowan
  2245 | D:6      | Reached skill level 3 in Conjurations
  2275 | D:6      | Noticed Blork the orc
  2282 | D:6      | Noticed a steam dragon
  2283 | D:6      | Killed Blork the orc
  2284 | D:6      | Reached XP level 8. HP: 9/45 MP: 13/13
  2390 | D:7      | Noticed Prince Ribbit
  2403 | D:7      | Killed Prince Ribbit
  2404 | D:7      | Reached skill level 5 in Dodging
  2404 | D:7      | Reached skill level 4 in Conjurations
  2811 | D:6      | Noticed Pikel
  2812 | D:6      | Found a bloodstained altar of Trog.
  2853 | D:6      | Reached skill level 1 in Shields
  2865 | D:6      | Killed Pikel
  2866 | D:6      | Reached skill level 5 in Conjurations
  2866 | D:6      | Reached skill level 5 in Fire Magic
  2866 | D:6      | Reached XP level 9. HP: 17/49 MP: 16/18
  3083 | D:7      | Found a staircase to the Ecumenical Temple.
  3112 | Temple   | Entered the Ecumenical Temple
  3141 | Temple   | Became a worshipper of Vehumet
  3141 | Temple   | Reached * piety under Vehumet
  3141 | Temple   | Offered knowledge of Freeze by Vehumet.
  3141 | Temple   | Reached ** piety under Vehumet
  3149 | Temple   | Learned a level 1 spell: Freeze
  3153 | Temple   | Learned a level 3 spell: Conjure Flame
  3226 | D:7      | Offered knowledge of Searing Ray by Vehumet.
  3230 | D:7      | Learned a level 2 spell: Searing Ray
  3278 | D:7      | Noticed a komodo dragon
  3356 | D:7      | Reached skill level 5 in Spellcasting
  3408 | D:8      | Reached skill level 6 in Conjurations
  3535 | D:8      | Noticed a two-headed ogre
  3568 | D:8      | Killed a two-headed ogre
  3569 | D:8      | Reached skill level 7 in Conjurations
  3742 | D:10     | Entered Level 10 of the Dungeon
  3744 | D:10     | Identified the ring of Peic {EV+4 Int+4}
  3762 | D:10     | Noticed a komodo dragon
  3831 | D:10     | Found Noitad's Antique Armour Shoppe.
  3840 | D:10     | Bought a runed scarf for 224 gold pieces
  3848 | D:9      | Noticed a centaur warrior
  3915 | D:10     | Offered knowledge of Stone Arrow by Vehumet.
  3926 | D:10     | Noticed a deep elf pyromancer
  3927 | D:10     | Noticed a skeletal warrior
  3927 | D:10     | Noticed a purple ugly thing
  3927 | D:10     | Noticed a meliai
  3928 | D:10     | Noticed a tengu warrior
  3929 | D:10     | Noticed a manticore
  4113 | D:10     | Killed a tengu warrior
  4114 | D:10     | Reached skill level 8 in Conjurations
  4114 | D:10     | Reached XP level 10. HP: 24/54 MP: 20/22
  4120 | D:10     | Learned a level 3 spell: Stone Arrow
  4170 | D:10     | Reached skill level 1 in Earth Magic
  4205 | D:10     | Noticed a cyclops
  4207 | D:10     | Found a flagged portal.
  4270 | D:10     | Killed a cyclops
  4271 | D:10     | Reached skill level 9 in Conjurations
  4302 | D:10     | Slain by a meliai

Illustrated notes

Levels and vault maps discovered:
D:1:      lightli_iron_boxes, layout_rooms, serial_shops, shop
D:2:      layout_loops_corners, uniq_sigmund
D:3:      layout_loops_ring, hellmonk_ecumenical_altar_run_dry
D:4:      layout_basic, minmay_vboxes
D:5:      layout_loops_ring, uniq_duvessa
D:6:      layout_basic, mainiacjoe_overflow_chevrons, portal_sewer_entry_d,
          uniq_blork_the_orc, uniq_pikel
D:7:      layout_basic, minmay_temple_entry_wispy, minmay_lizard_king,
          uniq_prince_ribbit1
D:8:      layout_cave_pools
D:9:      nzn_winding_woodlands_medium [nzn_winding_woodlands_5x5_closed_star,
          nzn_winding_woodlands_5x15_parted,
          nzn_winding_woodlands_5x5_perimeter,
          nzn_winding_woodlands_5x5_open_star,
          nzn_winding_woodlands_center_pierced_h,
          nzn_winding_woodlands_hourglass, nzn_winding_woodlands_5x5_cross,
          nzn_winding_woodlands_5x15_pathside_ponds,
          nzn_winding_woodlands_5x5_three], layout_long_grid,
          david_lair_generic, supply_closet_lemuel
D:10:     layout_basic, hiddenorc2_lemuel, enter_bailey_5, serial_shops,
          nicolae_stop_n_shop_2, minivault_28
Temple:   dpeg_three_leaves_temple

Skill      XL: |  1  2  3  4  5  6  7  8  9 10 |
---------------+-------------------------------+-----
Short Blades   | 4 5 7 8 |  8.0
Conjurations   | 1 3 5 8 9 |  9.0
Fire Magic     | 1 3 5 6 |  6.0
Dodging        | 4 5 |  5.0
Spellcasting   | 1 2 4 7 |  7.5
Shields        | 1 4 |  4.0
Earth Magic    | 2 |  2.4
Fighting       | |  2.4
Stealth        | |  2.4

Action                   |  1- 3 |  4- 6 |  7- 9 | 10-12 || total
-------------------------+-------+-------+-------+-------++-------
Melee: Short sword       |    75 |       |       |       ||    75
       Dagger            |    21 |   149 |   115 |    15 ||   300
       Staff             |       |       |     1 |       ||     1
 Fire: Hunting sling     |     2 |       |       |       ||     2
Throw: Javelin           |     5 |    16 |     3 |       ||    24
 Cast: Foxfire           |       |       |   106 |     2 ||   108
       Searing Ray       |       |       |     7 |     2 ||     9
       Stone Arrow       |       |       |       |     1 ||     1
Evoke: Wand              |       |       |    16 |       ||    16
  Use: Potion            |       |     3 |     4 |     1 ||     8
       Scroll            |       |       |     5 |       ||     5
 Stab: Sleeping          |     4 |     2 |     1 |       ||     7
Armor: Robe              |     2 |       |       |       ||     2
       Ring mail         |    28 |    40 |     4 |       ||    72
       Steam dragon scal |       |       |     5 |     1 ||     6
Dodge: Dodged            |    32 |    62 |    48 |     9 ||   151
Block: Other             |    13 |    25 |     7 |       ||    45
       Reflection        |     1 |       |     1 |       ||     2
       Buckler           |       |       |    28 |     6 ||    34
